[ AOE2 MATCH · #505568588 ]
UnrankedBulgarians vs Ethiopians
Player's team · LOSS
[ REPLAY ANALYSIS · EXTRACTED FROM THE RECORDED GAME ]
Feudal
9:22
Castle
22:51
Imperial
41:33
| APM avg | 58.8 |
| APM peak | 115 |
| eAPM avg | 29.7 |
| Villagers / military | 152 / 483 |
Focus
⚔️ 45.0% · 🌾 55.0%
Skirmisher ×204 · Konnik ×175 · Scout Cavalry ×86 · Battering Ram ×7 · Militia ×5 · Monk ×3
Feudal
10:58
Castle
14:42
Imperial
30:40
| APM avg | 60.7 |
| APM peak | 130 |
| eAPM avg | 30.4 |
| Villagers / military | 162 / 353 |
Focus
⚔️ 44.6% · 🌾 55.4%
Spearman ×226 · Archer ×87 · Bombard Cannon ×23 · Trebuchet (Packed) ×6 · Shotel Warrior ×5 · Scorpion ×3
Match map
Initial resources + every placement click. Lines = walls · curves = elevation contours. ◆ gold · ⬟ stone · ● berries · ✦ relic · ◌ wall gap
Your base· ✓ Closed at 22:51 · 7t walls · 4 gate(s)
Sapfiros's base· ✓ Closed at 14:42 · 27t walls · 2 gate(s)
Smoothed initial terrain · ◌ = detected wall gap · hover for details
Inputs per minute
— UL_King_Kerotaros - - Sapfiros
Build order — UL_King_Kerotaros
First 150 of 749 actions detected
| 0:01 | Create | Villager (Male) |
| 0:02 | Build | House |
| 0:04 | Build | House |
| 0:10 | Create | Villager (Male) |
| 0:10 | Create | Villager (Male) |
| 0:21 | Create | Villager (Male) |
| 1:30 | Create | Villager (Male) |
| 1:30 | Create | Villager (Male) |
| 1:48 | Build | Lumber Camp |
| 2:05 | Create | Villager (Male) |
| 2:05 | Create | Villager (Male) |
| 2:17 | Create | Villager (Male) |
| 2:17 | Create | Villager (Male) |
| 2:45 | Create | Villager (Male) |
| 3:11 | Build | House |
| 3:16 | Create | Villager (Male) |
| 3:41 | Create | Villager (Male) |
| 3:55 | Build | Palisade Gate |
| 4:02 | Create | Villager (Male) |
| 4:03 | Create | Villager (Male) |
| 4:06 | Build | Palisade Wall |
| 4:14 | Build | Palisade Wall |
| 4:17 | Build | Palisade Wall |
| 4:21 | Build | Palisade Wall |
| 4:30 | Build | Palisade Wall |
| 4:44 | Create | Villager (Male) |
| 4:50 | Create | Villager (Male) |
| 4:59 | Build | Palisade Wall |
| 5:05 | Create | Villager (Male) |
| 5:34 | Build | Mining Camp |
| 5:44 | Build | Palisade Wall |
| 5:50 | Build | Palisade Wall |
| 6:10 | Research | Loom |
| 6:41 | Create | Villager (Male) |
| 7:12 | Research | Feudal Age |
| 7:12 | Research | Feudal Age |
| 8:38 | Build | House |
| 8:38 | Build | House |
| 9:22 | Age | Feudal Age |
| 9:26 | Build | Watch Tower |
| 9:27 | Create | Villager (Male) |
| 9:29 | Build | Blacksmith |
| 9:31 | Research | Double-Bit Axe |
| 9:31 | Research | Double-Bit Axe |
| 9:49 | Create | Villager (Male) |
| 10:27 | Create | Villager (Male) |
| 10:30 | Build | Mill |
| 11:16 | Create | Villager (Male) |
| 11:16 | Create | Villager (Male) |
| 11:24 | Create | Villager (Male) |
| 11:51 | Build | Watch Tower |
| 12:02 | Create | Villager (Male) |
| 12:06 | Build | Farm |
| 12:08 | Build | Farm |
| 12:14 | Research | Fletching |
| 12:35 | Build | Farm |
| 12:35 | Create | Villager (Male) |
| 12:59 | Create | Villager (Male) |
| 13:06 | Build | House |
| 13:06 | Build | House |
| 13:08 | Build | Farm |
| 13:20 | Create | Villager (Male) |
| 13:25 | Build | Farm |
| 13:29 | Build | Watch Tower |
| 13:47 | Build | Mining Camp |
| 13:49 | Create | Villager (Male) |
| 14:04 | Build | Barracks |
| 14:12 | Create | Villager (Male) |
| 14:20 | Build | House |
| 14:38 | Build | Watch Tower |
| 14:41 | Create | Villager (Male) |
| 14:54 | Build | Mining Camp |
| 14:57 | Create | Militia |
| 14:58 | Create | Militia |
| 15:12 | Create | Villager (Male) |
| 15:31 | Build | Farm |
| 15:33 | Build | Farm |
| 15:40 | Create | Villager (Male) |
| 15:44 | Create | Militia |
| 15:46 | Research | Horse Collar |
| 15:46 | Research | Horse Collar |
| 16:20 | Create | Villager (Male) |
| 16:30 | Create | Militia |
| 16:33 | Create | Villager (Male) |
| 16:35 | Build | Farm |
| 16:36 | Build | Farm |
| 16:41 | Create | Militia |
| 17:22 | Create | Villager (Male) |
| 17:25 | Build | Farm |
| 18:09 | Create | Villager (Male) |
| 18:40 | Create | Villager (Male) |
| 18:42 | Build | Farm |
| 18:43 | Build | Farm |
| 18:43 | Build | Farm |
| 18:56 | Create | Villager (Male) |
| 19:09 | Build | Stable |
| 19:16 | Build | Farm |
| 19:18 | Build | Farm |
| 19:43 | Create | Villager (Male) |
| 20:09 | Build | Mining Camp |
| 20:11 | Research | Castle Age |
| 20:11 | Research | Castle Age |
| 20:42 | Create | Scout Cavalry |
| 21:13 | Research | Scale Barding Armor |
| 21:19 | Create | Scout Cavalry |
| 21:27 | Build | House |
| 21:28 | Build | House |
| 21:55 | Create | Scout Cavalry |
| 21:59 | Build | Farm |
| 22:06 | Build | Farm |
| 22:28 | Build | House |
| 22:28 | Build | House |
| 22:29 | Build | House |
| 22:44 | Create | Villager (Male) |
| 22:51 | Age | Castle Age |
| 22:56 | Build | Town Center |
| 23:04 | Research | Light Cavalry (upgrade) |
| 23:11 | Research | Bodkin Arrow |
| 23:12 | Research | Bodkin Arrow |
| 23:12 | Research | Bow Saw |
| 23:13 | Research | Bow Saw |
| 23:18 | Create | Villager (Male) |
| 23:32 | Build | Krepost |
| 23:39 | Build | Farm |
| 23:43 | Create | Villager (Male) |
| 24:02 | Create | Villager (Male) |
| 24:17 | Create | Villager (Male) |
| 24:33 | Create | Villager (Male) |
| 24:36 | Build | Monastery |
| 25:08 | Build | Krepost |
| 25:10 | Create | Villager (Male) |
| 25:10 | Create | Villager (Male) |
| 25:15 | Build | Town Center |
| 25:29 | Create | Monk |
| 25:37 | Create | Konnik |
| 25:37 | Create | Konnik |
| 25:38 | Create | Villager (Male) |
| 25:41 | Build | Farm |
| 25:42 | Build | Farm |
| 25:58 | Create | Villager (Male) |
| 26:05 | Build | Farm |
| 26:07 | Create | Villager (Male) |
| 26:10 | Build | House |
| 26:10 | Build | House |
| 26:15 | Create | Villager (Male) |
| 26:16 | Create | Villager (Male) |
| 26:29 | Create | Villager (Male) |
| 26:33 | Build | Farm |
| 26:36 | Build | Farm |
| 26:37 | Build | Farm |
Build order — Sapfiros
First 150 of 520 actions detected
| 0:00 | Create | Villager (Male) |
| 0:01 | Build | House |
| 0:02 | Build | House |
| 0:04 | Create | Villager (Male) |
| 0:36 | Create | Villager (Male) |
| 0:36 | Create | Villager (Male) |
| 1:27 | Create | Villager (Male) |
| 1:27 | Create | Villager (Male) |
| 1:45 | Build | Lumber Camp |
| 2:08 | Create | Villager (Male) |
| 2:10 | Create | Villager (Male) |
| 2:10 | Create | Villager (Male) |
| 2:36 | Create | Villager (Male) |
| 3:13 | Create | Villager (Male) |
| 3:29 | Build | House |
| 3:30 | Build | House |
| 3:31 | Build | House |
| 3:44 | Create | Villager (Male) |
| 4:06 | Create | Villager (Male) |
| 4:25 | Create | Villager (Male) |
| 4:33 | Create | Villager (Male) |
| 4:40 | Build | Mill |
| 5:12 | Build | House |
| 5:22 | Create | Villager (Male) |
| 5:42 | Create | Villager (Male) |
| 5:53 | Create | Villager (Male) |
| 5:59 | Build | Mill |
| 6:23 | Create | Villager (Male) |
| 6:42 | Create | Villager (Male) |
| 6:56 | Create | Villager (Male) |
| 6:56 | Create | Villager (Male) |
| 7:53 | Create | Villager (Male) |
| 7:59 | Research | Loom |
| 8:29 | Build | Mining Camp |
| 8:32 | Build | Mining Camp |
| 8:37 | Build | Palisade Wall |
| 8:38 | Build | Palisade Wall |
| 8:42 | Research | Feudal Age |
| 8:47 | Create | Villager (Male) |
| 8:48 | Create | Villager (Male) |
| 8:51 | Create | Villager (Male) |
| 9:06 | Build | Palisade Wall |
| 9:08 | Build | Palisade Wall |
| 9:32 | Build | Palisade Wall |
| 9:34 | Build | Palisade Wall |
| 9:36 | Build | Palisade Wall |
| 9:37 | Build | Palisade Wall |
| 9:39 | Build | Palisade Wall |
| 10:09 | Build | Farm |
| 10:58 | Age | Feudal Age |
| 11:04 | Build | Blacksmith |
| 11:09 | Build | Market |
| 11:13 | Build | Stone Wall |
| 11:13 | Build | Stone Wall |
| 11:14 | Build | Stone Wall |
| 11:15 | Build | Stone Wall |
| 11:15 | Build | Stone Wall |
| 11:23 | Build | Stone Wall |
| 11:23 | Build | Stone Wall |
| 11:24 | Build | Stone Wall |
| 11:25 | Build | Stone Wall |
| 11:26 | Build | Stone Wall |
| 11:27 | Build | Stone Wall |
| 11:28 | Build | Stone Wall |
| 11:29 | Build | Stone Wall |
| 11:40 | Research | Double-Bit Axe |
| 12:02 | Research | Castle Age |
| 12:38 | Build | House |
| 13:05 | Research | Gold Mining |
| 13:14 | Build | Farm |
| 13:17 | Build | Farm |
| 13:30 | Build | Farm |
| 13:32 | Build | Farm |
| 14:40 | Create | Villager (Male) |
| 14:40 | Create | Villager (Male) |
| 14:42 | Age | Castle Age |
| 14:43 | Build | Siege Workshop |
| 14:47 | Research | Bow Saw |
| 15:16 | Create | Scorpion |
| 15:16 | Create | Scorpion |
| 15:31 | Create | Villager (Male) |
| 15:58 | Create | Battering Ram |
| 16:30 | Build | House |
| 16:31 | Build | Market |
| 16:40 | Create | Scorpion |
| 16:43 | Create | Villager (Male) |
| 16:43 | Create | Villager (Male) |
| 16:45 | Create | Villager (Male) |
| 16:47 | Build | House |
| 16:48 | Build | House |
| 17:43 | Create | Villager (Male) |
| 17:43 | Create | Villager (Male) |
| 17:47 | Build | House |
| 18:32 | Create | Villager (Male) |
| 18:32 | Create | Villager (Male) |
| 18:38 | Build | Town Center |
| 18:52 | Build | Farm |
| 18:52 | Build | Farm |
| 18:52 | Build | Farm |
| 18:56 | Build | Farm |
| 19:00 | Build | House |
| 19:01 | Build | House |
| 19:13 | Create | Villager (Male) |
| 19:13 | Create | Villager (Male) |
| 19:30 | Create | Villager (Male) |
| 19:37 | Build | Farm |
| 19:37 | Build | Farm |
| 19:37 | Build | Farm |
| 19:46 | Build | Farm |
| 19:46 | Build | Farm |
| 19:46 | Build | Farm |
| 19:46 | Build | Farm |
| 19:50 | Create | Villager (Male) |
| 20:12 | Build | Farm |
| 20:14 | Create | Villager (Male) |
| 20:33 | Create | Villager (Male) |
| 20:33 | Create | Villager (Male) |
| 20:40 | Build | Town Center |
| 20:46 | Build | Mining Camp |
| 20:48 | Create | Villager (Male) |
| 20:48 | Create | Villager (Male) |
| 20:51 | Build | Farm |
| 20:51 | Build | Farm |
| 21:01 | Build | Farm |
| 21:24 | Build | House |
| 21:25 | Create | Villager (Male) |
| 21:25 | Create | Villager (Male) |
| 21:33 | Research | Horse Collar |
| 21:53 | Create | Villager (Male) |
| 21:53 | Create | Villager (Male) |
| 21:54 | Create | Villager (Male) |
| 21:57 | Build | Farm |
| 21:58 | Build | Farm |
| 21:58 | Build | Farm |
| 21:58 | Build | Farm |
| 22:02 | Create | Villager (Male) |
| 22:16 | Create | Villager (Male) |
| 22:19 | Create | Mangonel |
| 22:20 | Create | Villager (Male) |
| 22:23 | Create | Villager (Male) |
| 22:37 | Build | Farm |
| 22:49 | Build | Farm |
| 22:49 | Build | Farm |
| 22:50 | Create | Villager (Male) |
| 22:53 | Create | Villager (Male) |
| 23:01 | Create | Villager (Male) |
| 23:04 | Create | Villager (Male) |
| 23:21 | Create | Villager (Male) |
| 23:21 | Create | Villager (Male) |
| 23:26 | Build | Farm |
Match timeline
| 4:06 | UL_King_Kerotaros · wall_segment Palisade Wall x1 |
| 4:14 | UL_King_Kerotaros · wall_segment Palisade Wall x1 |
| 4:17 | UL_King_Kerotaros · wall_segment Palisade Wall x1 |
| 4:21 | UL_King_Kerotaros · wall_segment Palisade Wall x1 |
| 4:30 | UL_King_Kerotaros · wall_segment Palisade Wall x1 |
| 4:59 | UL_King_Kerotaros · wall_segment Palisade Wall x1 |
| 5:44 | UL_King_Kerotaros · wall_segment Palisade Wall x1 |
| 5:50 | UL_King_Kerotaros · wall_segment Palisade Wall x1 |
| 8:37 | Sapfiros · wall_segment Palisade Wall x1 |
| 8:38 | Sapfiros · wall_segment Palisade Wall x3 |
| 9:06 | Sapfiros · wall_segment Palisade Wall x1 |
| 9:08 | Sapfiros · wall_segment Palisade Wall x5 |
| 9:22 | UL_King_Kerotaros · age_up feudal |
| 9:32 | Sapfiros · wall_segment Palisade Wall x1 |
| 9:34 | Sapfiros · wall_segment Palisade Wall x1 |
| 9:36 | Sapfiros · wall_segment Palisade Wall x1 |
| 9:37 | Sapfiros · wall_segment Palisade Wall x1 |
| 9:39 | Sapfiros · wall_segment Palisade Wall x1 |
| 10:58 | Sapfiros · age_up feudal |
| 11:13 | Sapfiros · wall_segment Stone Wall x1 |
| 11:13 | Sapfiros · wall_segment Stone Wall x1 |
| 11:14 | Sapfiros · wall_segment Stone Wall x1 |
| 11:15 | Sapfiros · wall_segment Stone Wall x1 |
| 11:15 | Sapfiros · wall_segment Stone Wall x1 |
| 11:23 | Sapfiros · wall_segment Stone Wall x1 |
| 11:23 | Sapfiros · wall_segment Stone Wall x1 |
| 11:24 | Sapfiros · wall_segment Stone Wall x1 |
| 11:25 | Sapfiros · wall_segment Stone Wall x1 |
| 11:26 | Sapfiros · wall_segment Stone Wall x1 |
| 11:27 | Sapfiros · wall_segment Stone Wall x1 |
| 11:28 | Sapfiros · wall_segment Stone Wall x1 |
| 11:29 | Sapfiros · wall_segment Stone Wall x1 |
| 14:04 | UL_King_Kerotaros · first_building Barracks |
| 14:42 | Sapfiros · age_up castle |
| 14:43 | Sapfiros · first_building Siege Workshop |
| 14:45 | Sapfiros · first_market_buy 100 wood |
| 19:09 | UL_King_Kerotaros · first_building Stable |
| 22:51 | UL_King_Kerotaros · age_up castle |
| 23:32 | UL_King_Kerotaros · first_building Krepost |
| 23:58 | Sapfiros · first_building Castle |
| 24:36 | UL_King_Kerotaros · first_building Monastery |
| 25:32 | Sapfiros · first_building Barracks |
| 26:06 | Sapfiros · wall_segment Stone Wall x1 |
| 26:08 | Sapfiros · wall_segment Stone Wall x1 |
| 26:11 | Sapfiros · wall_segment Stone Wall x1 |
| 26:14 | Sapfiros · wall_segment Stone Wall x5 |
| 26:32 | Sapfiros · first_building Archery Range |
| 26:54 | Sapfiros · wall_segment Stone Wall x1 |
| 26:55 | Sapfiros · wall_segment Stone Wall x1 |
| 26:56 | Sapfiros · wall_segment Stone Wall x1 |
| 26:58 | Sapfiros · wall_segment Stone Wall x1 |
| 27:19 | Sapfiros · first_market_sell 100 wood |
| 28:46 | Sapfiros · wall_segment Stone Wall x2 |
| 30:34 | UL_King_Kerotaros · first_building Castle |
| 30:40 | Sapfiros · age_up imperial |
| 37:50 | UL_King_Kerotaros · first_building Archery Range |
| 41:04 | UL_King_Kerotaros · first_market_sell 100 food |
| 41:33 | UL_King_Kerotaros · age_up imperial |
| 42:24 | UL_King_Kerotaros · first_market_buy 100 stone |
| 47:31 | UL_King_Kerotaros · first_building Siege Workshop |
| 55:33 | UL_King_Kerotaros · resign |
[ AI ANALYSIS · 1 CREDIT ]
What really happened in this match?
Wolo.gg analyzes every decision: build order, eco, micro, common mistakes by bracket. Personalized analysis on WhatsApp or Discord in 30 seconds.
Civ guide
Bulgarians
Perfil
UL_King_Kerotaros